 Dungeon Crawl Stone Soup version 0.27.1-33-g824d729ab1 (webtiles) character file.

Game seed: 10009606238250380491

1448 Destapler the Skirmisher (level 8, -3/65 HPs)
             Began as a Minotaur Fighter on Dec 6, 2021.
             Was a Priest of Hepliaklqana.
             Slain by a wight (10 damage)
             ... on level 6 of the Dungeon.
             The game lasted 00:07:09 (4162 turns).

Destapler the Skirmisher (Minotaur Fighter)         Turns: 4162, Time: 00:07:10

Health: -3/65      AC: 10    Str: 22    XL:     8   Next: 46%
Magic:  7/7        EV:  8    Int:  5    God:    Hepliaklqana [***...]
Gold:   180        SH: 11    Dex: 11    Spells: 7/7 levels left

rFire    . . .     SeeInvis .   a - +0 long sword
rCold    . . .     Faith    .   c - +0 kite shield
rNeg     . . .     Spirit   .   b - +0 scale mail
rPois    .         Reflect  .   (helmet restricted)
rElec    .         Harm     .   o - +0 cloak
rCorr    .         Rampage  .   (no gloves)
Will     .....                  n - +0 pair of boots
Stlth    ..........             (no amulet)
HPRegen  0.20/turn              (no ring)
MPRegen  0.10/turn              (no ring)

@: no status effects
A: reduced essence, horns 2, retaliatory headbutt
a: Renounce Religion, Recall Ancestor, Ancestor Identity, Transference


You were on level 6 of the Dungeon.
You worshipped Hepliaklqana.
Hepliaklqana was most pleased with you.
You visited 1 branch of the dungeon, and saw 6 of its levels.

You collected 202 gold pieces.
You spent 22 gold pieces at shops.

Inventory:

Hand Weapons
 a - a +0 long sword (weapon)
Missiles
 k - 10 boomerangs
 m - 19 poisoned darts (quivered)
Armour
 b - a +0 scale mail (worn)
 c - a +0 kite shield (worn)
 n - a +0 pair of boots (worn)
 o - a +0 cloak (worn)
 s - the +5 scale mail "Hoaraini" {rN+}
   (You found it on level 6 of the Dungeon)

   rN:        It protects you from negative energy.
Jewellery
 g - a +6 ring of dexterity
Scrolls
 f - 2 scrolls of identify
 i - 2 scrolls of fog {unknown}
 p - a scroll of teleportation
 q - a scroll of silence {unknown}
 u - a scroll of amnesia {unknown}
Potions
 d - 2 potions of might
 e - a potion of berserk rage
 h - a potion of lignification
 j - 2 potions of flight
 l - a potion of heal wounds {unknown}
 r - a potion of ambrosia {unknown}
 t - a potion of haste {unknown}


   Skills:
 + Level 7.3 Fighting
 + Level 6.7 Long Blades
 + Level 7.2 Armour
 + Level 7.2 Shields


You had 7 spell levels left.
You didn't know any spells.
Your spell library contained the following spells:

 Spells                   Type           Power      Damage    Failure   Level
 Static Discharge         Conj/Air       0%         N/A       99%         2
 Dispel Undead            Necr           0%         3d6       100%        4
 Sticky Flame             Conj/Fire      0%         2d3       100%        4


Dungeon Overview and Level Annotations

Branches:
Dungeon (6/15)
 Temple: D:4-7

Altars:
Hepliaklqana
Makhleb
Vehumet
Xom
The Shining One

Shops:
D:3 =   D:4 ?


Innate Abilities, Weirdness & Mutations

Your life essence is reduced to manifest your ancestor. (-10% HP)
You have a pair of horns on your head.
You reflexively headbutt those who attack you in melee.


Message History

The shadow imp is almost dead.
Nozipho closely misses the shadow imp.
The shadow imp gestures at you.
You struggle to resist.
Nozipho hits the shadow imp with a +0 dagger of draining!
The shadow imp dies!
You hit the wight.
The wight is lightly damaged.
The wight hits you with a +0 dire flail.
You feel drained.
You slash the wight! Your headbutt misses the wight.
The wight is heavily damaged.
You block the wight's attack. The wight barely misses you.
Nozipho hits the wight with a +0 dagger of draining.
You barely miss the wight. You headbutt the wight.
You destroy the wight!
The wight hits you from afar with a +4 halberd of freezing!!
The wight freezes you!
The wight barely misses Nozipho.
Nozipho hits the wight with a +0 dagger of draining.
You block the wight's attack.
The wight hits Nozipho with a +0 great sword!
Your life force feels restored.
You swap places.
The wight hits you from afar with a +4 halberd of freezing!
* * * LOW HITPOINT WARNING * * *
The wight freezes you.
* * * LOW HITPOINT WARNING * * *
You block the wight's attack.
You hit the wight. Your headbutt misses the wight.
The wight is severely damaged.
Nozipho hits the wight with a +0 dagger of draining.
The wight hits you from afar with a +4 halberd of freezing.
* * * LOW HITPOINT WARNING * * *
The wight freezes you.
* * * LOW HITPOINT WARNING * * *
The wight barely misses Nozipho.
Nozipho points at the wight and mumbles some strange words.
The wight appears confused.
The wight hits you from afar with a +4 halberd of freezing!
You die...

###.#......###..
#......#..###.
###......##.....
####.>......# #....
#..................
#...<....##...# ..
####........# ##...
###!..........# ...
....##.@.[...)# #.
............#..#
...####..z..##..> .
#..Rz...#.##
#..........
#?.........
##........#
##........
.........


You could see the friendly Nozipho the hexer and 2 wights.

Vanquished Creatures
  2 ogres
  A centaur (D:3)
  A phantom (D:5)
  2 scorpions (D:5)
  A wight (D:6)
  2 centaur skeletons
  An orc priest (D:5)
  A hound (D:4)
  Crazy Yiuf (D:4)
  Natasha (thrice) (D:2)
  2 orc wizards
  2 hound zombies
  A howler monkey skeleton (D:4)
  4 adders
  2 worms
  6 dart slugs
  10 orcs
  10 ball pythons
  7 bats
  5 endoplasms
  3 giant cockroaches (D:3)
  6 goblins
  5 hobgoblins
  9 jackals
  3 quokkas
  5 frilled lizards
  5 kobolds
  8 rats
108 creatures vanquished.

Vanquished Creatures (collateral kills)
  2 black bears
  A necrophage (D:3)
  A centaur (D:5)
  2 orc priests
  A hound (D:5)
  A jelly (D:5)
  An iguana (D:5)
  An adder (D:6)
  A shadow imp (D:6)
  The ghost of Descartes the Sneak, a weakling FeDe (D:5)
  4 orcs
  A bat (D:3)
  An endoplasm (D:3)
  A giant cockroach (D:3)
  2 goblins
  A hobgoblin (D:4)
  A jackal (D:5)
  5 kobolds
28 creatures vanquished.

Vanquished Creatures (others)
  2 hexers
2 creatures vanquished.

Grand Total: 138 creatures vanquished

Notes
Turn   | Place    | Note
-------+----------+-------------------------------------------
     0 | D:1      | Destapler the Minotaur Fighter began the quest for the Orb.
     0 | D:1      | Reached XP level 1. HP: 19/19 MP: 0/0
   206 | D:1      | Reached XP level 2. HP: 23/27 MP: 1/1
   293 | D:1      | Found a faded altar of an unknown god.
   401 | D:1      | Became a worshipper of Hepliaklqana the Forgotten
   401 | D:1      | Reached * piety under Hepliaklqana
   478 | D:1      | Reached XP level 3. HP: 28/29 MP: 2/2
  1318 | D:2      | Noticed Natasha
  1324 | D:2      | Killed Natasha
  1325 | D:2      | Reached XP level 4. HP: 36/36 MP: 3/3
  1445 | D:2      | Noticed Natasha
  1450 | D:2      | Killed Natasha
  1488 | D:2      | Reached ** piety under Hepliaklqana
  1489 | D:2      | Remembered your ancestor Nozipho as a hexer
  1691 | D:2      | Noticed Natasha
  1698 | D:2      | Killed Natasha
  1699 | D:2      | Reached XP level 5. HP: 36/42 MP: 4/4
  1789 | D:3      | Noticed a centaur
  1798 | D:3      | Killed a centaur
  1799 | D:3      | Reached skill level 5 in Fighting
  1799 | D:3      | Reached skill level 5 in Armour
  1799 | D:3      | Reached skill level 5 in Shields
  2105 | D:3      | Noticed a necrophage
  2115 | D:3      | Reached XP level 6. HP: 31/50 MP: 5/5
  2261 | D:3      | Found a shimmering altar of Xom.
  2266 | D:3      | Found Itifihaa's Jewellery Emporium.
  2495 | D:3      | Found a burning altar of Makhleb.
  2596 | D:3      | Found a glowing golden altar of the Shining One.
  2783 | D:4      | Found Cesijivi's Magic Scroll Shop.
  2800 | D:4      | Bought a scroll of identify for 22 gold pieces
  3033 | D:4      | Reached skill level 5 in Long Blades
  3033 | D:4      | Reached XP level 7. HP: 55/55 MP: 6/6
  3102 | D:4      | Found a runed translucent door.
  3103 | D:4      | Noticed Crazy Yiuf
  3159 | D:4      | Killed Crazy Yiuf
  3229 | D:5      | Entered Level 5 of the Dungeon
  3563 | D:5      | Reached XP level 8. HP: 50/63 MP: 7/7
  3710 | D:5      | Reached *** piety under Hepliaklqana
  3807 | D:5      | Found a radiant altar of Vehumet.
  3836 | D:5      | Found a large runed translucent door.
  3836 | D:5      | Found a large runed translucent door.
  3838 | D:5      | Noticed Descartes's ghost (weakling FeDe)
  3991 | D:5      | Killed Descartes's ghost
  4029 | D:6      | Identified the +5 scale mail "Hoaraini" {rN+}
  4162 | D:6      | Slain by a wight

Illustrated notes

Levels and vault maps discovered:
D:1:      wander_arrival_peaceful_grave, layout_loops_ring,
          chequers_ecumenical_altar_simple_redux
D:2:      layout_loops_ring, minivault_25, uniq_natasha
D:3:      layout_rooms, mainiacjoe_overflow_concentric_impassable, tso_altar,
          nicolae_overflow_hidden_temple, serial_shops, nicolae_shop_stone,
          minmay_unequal
D:4:      layout_cave_pools, nicolae_yredelemnul_corpse_copse,
          nicolae_elyvilon_peaceful_grove, serial_shops, shop,
          uniq_crazy_yiuf_cottage
D:5:      layout_rooms, mainiacjoe_overflow_cross_hatched,
          ebering_ghost_disaster_area
D:6:      layout_rooms, lemuel_coloured_pillars_altar, uniq_pikel

Skill      XL: |  1  2  3  4  5  6  7  8 |
---------------+-------------------------+-----
Fighting       | 4 5 6 7 |  7.3
Shields        | 4 5 6 7 |  7.2
Armour         | 4 5 6 7 |  7.2
Long Blades    | 3 4 5 6 |  6.7

Action                   |  1- 3 |  4- 6 |  7- 9 || total
-------------------------+-------+-------+-------++-------
Melee: Long sword        |    84 |   115 |    71 ||   270
       Headbutt          |    18 |    20 |    18 ||    56
Invok: Ancestor Life: He |       |     1 |       ||     1
  Use: Scroll            |       |     5 |       ||     5
 Stab: Distracted        |       |     1 |       ||     1
       Confused          |       |       |     1 ||     1
Armor: Scale mail        |    33 |    51 |    26 ||   110
Dodge: Dodged            |    21 |    33 |    18 ||    72
Block: Kite shield       |    48 |    64 |    49 ||   161
       Rpst.: Long sword |     5 |     8 |     2 ||    15
